 Dungeon Crawl Stone Soup version 0.17-a0-1078-g243345b (webtiles) character file.

3892 onwiheg the Spear-Bearer (level 10, -10/70 HPs)
             Began as a Vine Stalker Berserker on May 19, 2015.
             Was a High Priest of Trog.
             Mangled by a five-headed hydra (12 damage)
             ... on level 1 of the Lair of Beasts.
             The game lasted 00:22:33 (5502 turns).

onwiheg the Spear-Bearer (Vine Stalker Berserker)   Turns: 5502, Time: 00:22:33

Health: -10/70     AC:  4    Str: 28    XL:     10   Next: 19%
Magic:  0/11       EV: 12    Int:  7    God:    Trog [*****.]
Gold:   409        SH:  0    Dex: 14    Spells: 0 memorised, 9 levels left

rFire  + + .     SeeInvis .     B - +0 trident (curse)
rCold  . . .     Clarity  .     l - +0 robe {rF+}
rNeg   . . .     SustAb   .     (no shield)
rPois  +         Gourm    .     D - +0 helmet
rElec  .         Spirit   +     (no cloak)
rCorr  .         Warding  .     (no gloves)
rMut   .         Stasis   .     g - +0 pair of boots (curse)
MR     +....                    (no amulet)
Stlth  ..........               A - ring of protection from fire
                                k - ring of poison resistance

@: berserking, very quick, somewhat resistant to hostile enchantments, extremely
unstealthy
A: fangs 3, regeneration 2, magic shield, antimagic bite, no device heal 3, rot
immunity
a: Burn Spellbooks, Berserk, Trog's Hand, Brothers in Arms, Renounce Religion


You were on level 1 of the Lair of Beasts.
You worshipped Trog.
Trog was extremely pleased with you.
You were hungry.

You visited 2 branches of the dungeon, and saw 9 of its levels.

You collected 409 gold pieces.

Inventory:

Hand weapons
 a - a +0 spear
 B - a cursed +0 trident (weapon)
 M - a +0 trident
 R - a +0 scimitar of flaming
 W - a +3 triple crossbow of freezing
Missiles
 F - 3 javelins of penetration (quivered)
Armour
 b - a +0 animal skin
 g - a cursed +0 pair of boots (worn)
 l - a +0 robe of fire resistance (worn)
 x - a +0 large shield
 D - a +0 helmet (worn)
 I - a +2 leather armour of cold resistance
 S - a +1 robe of fire resistance
Jewellery
 k - a ring of poison resistance (left hand)
 z - an uncursed ring of positive energy {unknown}
 A - a ring of protection from fire (right hand)
 T - an uncursed ring of wizardry {unknown}
Magical devices
 w - a wand of cold (11)
 K - a wand of draining (7)
 V - a wand of paralysis (0)
Scrolls
 e - 4 scrolls of remove curse
 f - 6 scrolls of identify
 h - 3 scrolls of teleportation {unknown}
 n - a scroll of enchant armour {unknown}
 q - a scroll of fog {unknown}
 r - a scroll of magic mapping {unknown}
 t - a scroll of noise {unknown}
 v - a scroll of immolation {unknown}
 C - a scroll of enchant weapon {unknown}
 J - a scroll of summoning {unknown}
 L - a scroll of recharging {unknown}
Potions
 d - 3 potions of curing {unknown}
 i - a potion of flight {unknown}
 j - 2 potions of poison {unknown}
 p - 3 potions of lignification {unknown}
 u - 2 potions of magic {unknown}
 E - 2 potions of heal wounds {unknown}
 H - 2 potions of brilliance {unknown}
 N - a potion of ambrosia {unknown}
 O - a potion of invisibility {unknown}
 Q - a potion of haste {unknown}
 U - a potion of agility {unknown}
Books
 s - a book of Necromancy

   Spells                             Type                      Level
   a - Pain                           Necromancy                   1
   b - Animate Skeleton               Necromancy                   1
   c - Vampiric Draining              Necromancy                   3
   d - Regeneration                   Charms/Necromancy            3
   e - Animate Dead                   Necromancy                   4
   f - Control Undead                 Necromancy                   4
   Trog disapproves of the use of such an item.
 y - a book of Geomancy

   Spells                             Type                      Level
   a - Sandblast                      Earth                        1
   b - Stoneskin                      Transmutation/Earth          2
   c - Passwall                       Transmutation/Earth          3
   d - Stone Arrow                    Conjuration/Earth            3
   e - Petrify                        Transmutation/Earth          4
   f - Lee's Rapid Deconstruction     Earth                        5
   Trog disapproves of the use of such an item.
Comestibles
 c - 8 bread rations
 m - 3 beef jerkies
 o - a royal jelly
 G - 2 fruits
 P - a meat ration


   Skills:
 - Level 2.6 Fighting
 + Level 13.0 Polearms
 - Level 1.5 Armour
 - Level 1.5 Dodging


You had 9 spell levels left.
You didn't know any spells.

Dungeon Overview and Level Annotations

Branches:
Dungeon (8/15)             Temple (0/1) D:7            Lair (1/8) D:8

Altars:
Ashenzari
Cheibriados
Elyvilon
Kikubaaqudgha
Okawaru
Ru
Trog
Vehumet
Xom
The Shining One


Innate Abilities, Weirdness & Mutations

You have razor-sharp teeth.
You heal very quickly.
When hurt, damage is shared between your health and your magic reserves.
Your bite disrupts and absorbs the magic of your enemies.
Potions and wands cannot restore your health.
You are immune to rotting.


Message History

You are feeling hungry.
The five-headed hydra closely misses you.
The five-headed hydra bites you. x2
The five-headed hydra barely misses you.
The five-headed hydra bites you.
You puncture the five-headed hydra! You bite the five-headed hydra!
You drain its power.
You feel invigorated.
The five-headed hydra is moderately wounded.
The five-headed hydra barely misses you.
The five-headed hydra bites you! x3
* * * LOW HITPOINT WARNING * * *
The five-headed hydra bites you!!
* * * LOW HITPOINT WARNING * * *
You puncture the five-headed hydra! Your bite misses the five-headed hydra.
The five-headed hydra is heavily wounded.
You barely miss the five-headed hydra. Your bite misses the five-headed hydra.
The five-headed hydra is heavily wounded.
The five-headed hydra barely misses you.
The five-headed hydra misses you. The five-headed hydra bites you!
You die...

......# ...... .....#
##.... ##....# #....>
......# ....# ...P...
#...# ... ##... P..#
....##.... .. #D.###
....#..... ...
#@.#.###.......... P..#
##...###..##.......
....###....P#..##........
..............#..........
.............##..........
.............##..........
.........................
.........................
......†..................


You could see a five-headed hydra.

Vanquished Creatures
  Erica (D:8)
  Joseph (D:7)
  A komodo dragon (Lair:1)
  A two-headed ogre (D:8)
  Eustachio (D:6)
  A hungry ghost (D:8)
  Menkaure (D:6)
  3 ogres
  A sky beast (D:8)
  Blork the orc (D:4)
  5 giant frogs
  3 scorpions
  5 wights (D:7)
  7 crimson imps
  An iguana (D:8)
  A giant frog skeleton (D:4)
  A centaur skeleton (D:4)
  3 hounds
  An orc priest (D:3)
  7 worker ants
  A killer bee zombie (D:7)
  5 orc wizards
  A hound zombie (D:6)
  5 adders
  A river rat (D:6)
  3 gnolls (D:7)
  An adder zombie (D:8)
  An adder skeleton (D:4)
  3 worms
  3 giant geckos
  20 orcs
  2 bat skeletons
  3 giant cockroaches
  20 hobgoblins
  18 jackals
  8 quokkas
  A ball python (D:5)
  15 bats
  A giant cockroach zombie (D:5)
  3 giant newts
  11 goblins
  16 kobolds
  A quokka skeleton (D:7)
  17 rats
  A fungus (D:6)
207 creatures vanquished.

Notes
Turn   | Place    | Note
--------------------------------------------------------------
     0 | D:1      | onwiheg the Vine Stalker Berserker began the quest for the Orb.
     0 | D:1      | Reached XP level 1. HP: 11/11 MP: 2/2
    95 | D:1      | Reached skill level 3 in Polearms
   126 | D:1      | Reached XP level 2. HP: 16/16 MP: 3/3
   519 | D:2      | Reached XP level 3. HP: 19/19 MP: 4/4
   613 | D:2      | Acquired Trog's second power
   779 | D:2      | Reached skill level 4 in Polearms
  1224 | D:3      | Reached XP level 4. HP: 23/23 MP: 5/5
  1610 | D:3      | Found a white marble altar of Elyvilon.
  1738 | D:3      | Reached skill level 5 in Polearms
  1884 | D:4      | Reached XP level 5. HP: 27/27 MP: 6/6
  2097 | D:4      | Noticed Blork the orc
  2104 | D:4      | Killed Blork the orc
  2104 | D:4      | Reached skill level 6 in Polearms
  2104 | D:4      | Gained mutation: You heal very quickly. [Vine Stalker growth]
  2104 | D:4      | Reached XP level 6. HP: 30/32 MP: 7/7
  2534 | D:4      | Noticed an ogre
  2542 | D:4      | Killed an ogre
  2607 | D:4      | Found a shimmering altar of Xom.
  2614 | D:4      | Reached skill level 7 in Polearms
  2614 | D:4      | Reached XP level 7. HP: 31/35 MP: 6/8
  2883 | D:5      | Entered Level 5 of the Dungeon
  2915 | D:5      | Acquired Trog's third power
  3074 | D:5      | Reached skill level 8 in Polearms
  3172 | D:5      | Found a sacrificial altar of Ru.
  3182 | D:5      | Gained mutation: You have razor-sharp teeth. [Vine Stalker growth]
  3182 | D:5      | Reached XP level 8. HP: 37/39 MP: 7/9
  3230 | D:5      | Found a bloodstained altar of Trog.
  3586 | D:6      | Noticed Menkaure
  3593 | D:6      | Killed Menkaure
  3593 | D:6      | Reached skill level 9 in Polearms
  3627 | D:6      | Noticed Eustachio
  3660 | D:6      | Killed Eustachio
  3882 | D:6      | Found a radiant altar of Vehumet.
  4118 | D:6      | Found a shattered altar of Ashenzari.
  4118 | D:6      | Found a glowing golden altar of the Shining One.
  4228 | D:7      | Received a gift from Trog
  4250 | D:7      | Reached skill level 10 in Polearms
  4433 | D:7      | Reached XP level 9. HP: 28/43 MP: 8/10
  4536 | D:7      | Noticed Joseph
  4548 | D:7      | Killed Joseph
  4548 | D:7      | Reached skill level 11 in Polearms
  4570 | D:7      | Found an iron altar of Okawaru.
  4570 | D:7      | Found a snail-covered altar of Cheibriados.
  4571 | D:7      | Found an ancient bone altar of Kikubaaqudgha.
  4759 | D:7      | Found a staircase to the Ecumenical Temple.
  4915 | D:8      | Found a staircase to the Lair.
  5012 | D:8      | Reached skill level 12 in Polearms
  5059 | D:8      | Noticed Erica
  5077 | D:8      | Killed Erica
  5077 | D:8      | Reached XP level 10. HP: 44/47 MP: 11/11
  5183 | D:8      | Received a gift from Trog
  5414 | Lair:1   | Entered Level 1 of the Lair of Beasts
  5488 | Lair:1   | Reached skill level 13 in Polearms
  5494 | Lair:1   | Noticed a five-headed hydra
  5500 | Lair:1   | HP: 2/70 [five-headed hydra (15)]
  5502 | Lair:1   | Mangled by a five-headed hydra

Vault maps used:
D:1:      eino_arrival_tree_alley, hex_tiny
D:3:      first_bread, lemuel_tele_altar
D:4:      kennysheep_big_flooded_room, led_xom_imps, uniq_blork_the_orc
D:5:      nicolae_ru_great_annihilating_truth, lightli_temple_of_fire,
          hangedman_abyss_or_decor_stabs
D:6:      lemuel_doored_altar, gammafunk_temple_overflow_statue,
          roderic_roman_lattice, minmay_misc_feat_hallway,
          kennysheep_small_spiral, minmay_crystal_room,
          minmay_gold_behind_fungi, uniq_menkaure, uniq_eustachio
D:7:      gammafunk_temple_overflow_claw, minmay_temple_entry_statues_pillars,
          minivault_19, uniq_joseph
D:8:      due_lair_maze_entry_diamond, uniq_erica
Lair:1:   nicolae_volcano_entry_vermiform

Action                   |  1- 3 |  4- 6 |  7- 9 | 10-12 || total
-------------------------+-------+-------+-------+-------++-------
Melee: Spear             |   147 |   156 |       |       ||   303
       Trident           |       |    37 |   360 |    45 ||   442
Throw: Javelin           |       |       |     2 |       ||     2
Invok: Berserk           |     1 |     2 |     6 |     1 ||    10
       Burn Spellbooks   |       |       |       |     1 ||     1
Evoke: Wand              |       |       |       |     2 ||     2
  Use: Scroll            |       |       |       |     1 ||     1
 Stab: Sleeping          |     2 |     1 |     1 |     1 ||     5
       Paralysed         |       |       |     1 |       ||     1
  Eat: Chunk             |     2 |     7 |    15 |     2 ||    26
